 Dungeon Crawl Stone Soup version 0.31-a0-233-g139696dc86 (webtiles) character file.

Game seed: 17772869941892246528

203 qw the Shooter (level 5, -3/30 HPs)
             Began as a Gargoyle Hexslinger on July 7, 2023.
             Killed by divine providence
             ... invoked by an orc priest
              (9 damage)
             ... on level 4 of the Dungeon.
             The game lasted 00:00:43 (2609 turns).

qw the Shooter (Gargoyle Hexslinger)                Turns: 2609, Time: 00:00:44

Health: -3/30      AC: 10    Str: 11    XL:     5   Next: 81%
Magic:  6/6        EV: 11    Int: 14    God:
Gold:   107        SH:  0    Dex: 14    Spells: 5/6 levels left

rFire   . . .        Y - +0 longbow
rCold   . . .        (shield currently unavailable)
rNeg    + . .        f - +0 ring mail
rPois   inf          (no helmet)
rElec   +            i - +0 cloak
rCorr   .            (no gloves)
SInv    .            (no boots)
Will    +....        (no amulet)
Stlth   +            b - ring of willpower
HPRegen 0.25/turn    (no ring)
MPRegen 0.10/turn

%: no passive effects
@: no status effects
A: sickness immunity, AC +4, negative energy resistance 1, electricity
resistance, torment resistance 1, petrification resistance, sturdy frame 1
a: no special abilities


You were on level 4 of the Dungeon.
You visited 1 branch of the dungeon, and saw 4 of its levels.

You collected 107 gold pieces.


Innate Abilities, Weirdness & Mutations

You are immune to sickness and miasma.
Your stone body is resilient. (AC +4)
You are immune to poison.
You resist negative energy. (rN+)
You are resistant to electric shocks. (rElec)
You are resistant to unholy torment.
You are immune to petrification.
Your movements are slightly less encumbered by armour. (ER -2)


   Skills:
 - Level 2.0 Fighting
 + Level 4.3 Ranged Weapons
 - Level 3.5 Armour
 - Level 1.5 Dodging
 - Level 1.0 Spellcasting
 - Level 2.6 Hexes


You had 5 spell levels left.
You knew the following spells:

 Your Spells              Type           Power      Damage    Failure   Level
a - Slow                  Hex            32%        N/A       13%         1

Your spell library contained the following spells:

 Spells                   Type           Power      Damage    Failure   Level
 Inner Flame              Hex/Fire       4%         N/A       56%         3
 Portal Projectile        Hex/Tloc       8%         N/A       56%         3
 Cause Fear               Hex            4%         N/A       78%         4

Inventory:

Hand Weapons
 Y - a +0 longbow (weapon)
Armour
 f - a +0 ring mail (worn)
 i - a +0 cloak (worn)
 j - a +2 ring mail of cold resistance
Jewellery
 b - a ring of willpower (left hand)
Scrolls
 d - a scroll of identify
Potions
 a - 2 potions of resistance
 c - a potion of haste
 g - a potion of mutation
 h - 2 potions of heal wounds {unknown}

Dungeon Overview and Level Annotations

Branches:
Dungeon (4/15)
 Temple: D:4-7

Altars:
Wu Jian

Shops:
D:2 (:(*[

Annotations:
D:4 Edmund


Message History

You kill the orc!
Edmund the Younger comes into view.
He is wielding a +2 heavy flail.
You shoot an arrow. The arrow barely misses the orc priest.
You shoot an arrow. The arrow barely misses the orc priest.
Something hits you but does no damage. x2
You shoot an arrow. The arrow barely misses the orc priest.
The orc priest looks encouraged for a moment.
The kobold completely misses you. Something hits you but does no damage.
You shoot an arrow. The arrow barely misses the orc priest.
The orc priest closely misses you. The kobold hits you but does no damage.
Something hits you. The orc priest closely misses you. Something hits you.
The kobold hits you but does no damage.
You shoot an arrow.
The arrow closely misses the orc priest.
The orc priest hits you with a +0 hand axe.
The kobold hits you but does no damage. Something hits you but does no damage.
You shoot an arrow. The arrow barely misses the orc priest.
The kobold barely misses you. Something completely misses you.
The orc priest calls down the wrath of Beogh upon you.
Beogh smites you! Something hits you but does no damage.
The orc priest hits you but does no damage.
You shoot an arrow. The arrow hits Edmund!
Edmund is lightly wounded.
The orc priest closely misses you.
You hear some strange, mumbled words.
You are confused.
2608 ||| DRINKING potion of curing.
You feel better.
2608 ||| (to cure confusion) Edmund closely misses you.
The orc priest misses you.
You hear some strange, mumbled words.
A magic dart appears from out of thin air!
The magic dart hits you but does no damage.
You shoot an arrow. The arrow hits Edmund!
Edmund is moderately wounded.
The orc priest hits you with a +0 hand axe.
Something hits you but does no damage. Edmund hits you with a +2 heavy flail!
Something hits you but does no damage.
The orc priest calls down the wrath of Beogh upon you.
Beogh smites you!
You die...

## ..# )# ###..#
.........
.###.........#........
.##...# #.............
......# #..##..>..... .#
......###.....##.#(# ..#
.......# ...#..#K..#..#
.......###.##..#{@....#.
...........##...@o......
.....#.#..........#.####
.....###.....##......#
.....# #.....##.#....#
#...## ##...#........#
###.# #...#..##...##
#......## #....
......... .#...
....#..... #...


You could see Edmund, an orc priest and a kobold.

Vanquished Creatures
  An ice beast (D:4)
  An orc priest (D:4)
  2 adders (D:2)
  A dart slug (D:1)
  6 orcs (D:4)
  4 ball pythons
  5 endoplasms
  A giant cockroach (D:1)
  3 goblins (D:2)
  5 hobgoblins
  3 jackals (D:2)
  A quokka (D:1)
  5 bats
  3 frilled lizards
  7 kobolds
  5 rats
53 creatures vanquished.

Notes
Turn   | Place    | Note
-------+----------+-------------------------------------------
     0 | D:1      | qw the Gargoyle Hexslinger began the quest for the Orb.
     0 | D:1      | Reached XP level 1. HP: 12/12 MP: 2/2
     0 | D:1      | 0 ||| qw: Version: 0.3-a-46-gb1f654a
     0 | D:1      | 0 ||| qw: Game counter: 3020
     0 | D:1      | 0 ||| qw: Melee chars always use a shield: true
     0 | D:1      | 0 ||| qw: God list: Okawaru
     0 | D:1      | 0 ||| qw: Allow faded altars: false
     0 | D:1      | 0 ||| qw: Do Orc after clearing Dungeon:15 true
     0 | D:1      | 0 ||| qw: Do second Lair branch before Depths: true
     0 | D:1      | 0 ||| qw: Lair rune preference: random
     0 | D:1      | 0 ||| qw: Goals: Normal
     0 | D:1      | 0 ||| PLANNING D:1-11
    56 | D:1      | 56 ||| SWAPPING to +0 longbow.
    60 | D:1      | 60 ||| DROPPING +1 sling.
    84 | D:1      | Reached XP level 2. HP: 16/16 MP: 3/3
   173 | D:1      | HP: 3/16 [kobold/+0 short sword (3)]
   256 | D:1      | Reached skill level 3 in Ranged Weapons
   452 | D:1      | Reached XP level 3. HP: 21/21 MP: 4/4
   746 | D:1      | 746 ||| READING scroll labelled TAODEYFEZA.
   747 | D:1      | 747 ||| DRINKING 2 puce potions.
   747 | D:1      | Gained mutation: Your movements are slightly less
                  | encumbered by armour. (ER -2) [potion of mutation]
   748 | D:1      | 748 ||| DROPPING scroll of poison.
   788 | D:2      | Found Oplouw's Weapon Shoppe.
   934 | D:2      | Found Vujuxidgh's Assorted Antiques.
   960 | D:2      | 960 ||| SHOPLISTING helmet (85 gold, have 11).
   960 | D:2      | 960 ||| SHOPLISTING scroll labelled GUBUELERIM (19 gold,
                  | have 11).
   960 | D:2      | 960 ||| SHOPLISTING scroll labelled IRCHIA GAS CAY (19
                  | gold, have 11).
   960 | D:2      | 960 ||| SHOPLISTING scroll labelled MOLOMAY IPINK (19 gold,
                  | have 11).
   960 | D:2      | 960 ||| SHOPLISTING scroll labelled TESHUBERU COFE (19
                  | gold, have 11).
   960 | D:2      | 960 ||| SHOPLISTING twisted iron wand (76 gold, have 11).
   983 | D:2      | Found Bauzuown's Weapon Shoppe.
  1012 | D:2      | Found Atwejif's Armour Emporium.
  1020 | D:2      | 1020 ||| SHOPLISTING +0 pair of boots (45 gold, have 11).
  1020 | D:2      | 1020 ||| SHOPLISTING +1 pair of gloves of dexterity (165
                  | gold, have 11).
  1020 | D:2      | 1020 ||| SHOPLISTING +2 robe of positive energy (147 gold,
                  | have 11).
  1327 | D:2      | Found Xenwum's Book Boutique.
  1410 | D:2      | Found a faded altar of an unknown god.
  1413 | D:2      | Reached XP level 4. HP: 26/26 MP: 5/5
  1421 | D:2      | 1421 ||| UPGRADING to +0 leather armour.
  1431 | D:2      | 1431 ||| DROPPING +0 robe.
  1432 | D:2      | 1432 ||| UPGRADING to +0 ring mail.
  1442 | D:2      | 1442 ||| DROPPING +0 leather armour.
  1443 | D:2      | 1443 ||| UPGRADING to +0 cloak.
  1448 | D:2      | 1448 ||| DROPPING +6 ring of intelligence.
  1449 | D:2      | 1449 ||| READING 4 scrolls labelled GUBUELERIM.
  1450 | D:2      | 1450 ||| READING scroll labelled MICRUX CIEPU.
  1451 | D:2      | 1451 ||| READING 2 scrolls labelled SOEKALA ISEME.
  1452 | D:2      | 1452 ||| READING 3 scrolls of identify.
  1452 | D:2      | 1452 ||| IDENTIFYING fuming pink potion
  1453 | D:2      | 1453 ||| READING 2 scrolls of identify.
  1453 | D:2      | 1453 ||| IDENTIFYING smoky purple potion
  1454 | D:2      | 1454 ||| DROPPING scroll of noise.
  1968 | D:3      | Found an ornate altar of the Wu Jian Council.
  2162 | D:3      | 2162 ||| UPGRADING to ring of willpower.
  2163 | D:3      | 2163 ||| READING 2 scrolls of identify.
  2163 | D:3      | 2163 ||| IDENTIFYING lumpy brown potion
  2362 | D:4      | Noticed an ice beast
  2370 | D:4      | HP: 1/26 [ice beast (8)]
  2371 | D:4      | Killed an ice beast
  2372 | D:4      | Reached skill level 3 in Armour
  2372 | D:4      | Reached XP level 5. HP: 2/30 MP: 6/6
  2536 | D:4      | Reached skill level 4 in Ranged Weapons
  2600 | D:4      | Noticed Edmund
  2608 | D:4      | 2608 ||| DRINKING potion of curing.
  2608 | D:4      | 2608 ||| (to cure confusion)
  2609 | D:4      | HP: 6/30 [Edmund/+2 heavy flail (13)]
  2609 | D:4      | Killed from afar by an orc priest

Levels and vault maps discovered:
D:1:      nicolae_arrival_washed_ashore, layout_basic, serial_glass,
          glass_columns_a, glass_columns_b, minmay_pentomino_u2
D:2:      layout_rooms, serial_shops, nicolae_shop_behind_doors,
          nicolae_diamond_shop, shop, nicolae_shop_trees,
          nicolae_shop_peninsula, hellmonk_ecumenical_altar_inner_sanctum,
          kennysheep_small_spiral, serial_bayou_lagoon_a
D:3:      layout_basic, nicolae_wu_jian_glorious_leap
D:4:      layout_cave_pools, mainiacjoe_overflow_brackets, uniq_natasha,
          uniq_edmund, uniq_blork_the_orc, uniq_ijyb

Skill      XL: |  1  2  3  4  5 |
---------------+----------------+-----
Ranged Weapons | 3 4 |  4.3
Fighting       | 2 |  2.0
Armour         | 3 |  3.5
Dodging        | |  1.5
Spellcasting   | |  1.0
Hexes          | |  2.6

Action                     |  1- 3 |  4- 6 || total
---------------------------+-------+-------++-------
   Fire: Longbow           |    66 |    57 ||   123
         Sling             |     3 |       ||     3
    Use: Scroll            |     1 |     6 ||     7
         Potion            |     1 |     1 ||     2
 Armour: Robe              |    12 |       ||    12
         Ring mail         |       |    31 ||    31
  Dodge: Dodged            |    18 |    26 ||    44

Table legend:
 A = Non-vault XP
 B = Vault XP
 C = Vault XP percentage of total XP
 D = Non-vault monster count
 E = Vault monster count
 F = Vault count percentage of total count
                 A         B        C        D         E       F
            +---------+---------+-------+---------+---------+-------
      Total |     286 |       4 |   1.4 |      51 |       2 |   3.8
            +---------+---------+-------+---------+---------+-------
        D:1 |      33 |       4 |  10.8 |      20 |       2 |   9.1
        D:2 |      47 |       0 |   0.0 |      14 |       0 |   0.0
        D:3 |      14 |       0 |   0.0 |       9 |       0 |   0.0
        D:4 |     192 |       0 |   0.0 |       8 |       0 |   0.0
            +---------+---------+-------+---------+---------+-------
